 Dungeon Crawl Stone Soup version 0.21-a0-522-ga8338f0 (webtiles) character file.

1054 mortelune the Magician (level 8, -2/41 HPs)
             Began as a Deep Elf Conjurer on Dec 6, 2017.
             Was an Initiate of Vehumet.
             Slain by a two-headed ogre
             ... wielding a +0 giant club
              (23 damage)
             ... on level 6 of the Dungeon.
             The game lasted 00:23:37 (6390 turns).

mortelune the Magician (Deep Elf Conjurer)          Turns: 6390, Time: 00:23:37

Health: -2/41      AC:  5    Str:  3 (5)  XL:     8   Next: 5%
Magic:  8/20       EV: 15    Int: 23      God:    Vehumet [......]
Gold:   321        SH:  5    Dex: 14 (15) Spells: 7/21 levels left

rFire    . . .     SeeInvis .   A - +4 spear (venom)
rCold    + . .     Gourm    .   p - +0 buckler
rNeg     . . .     Faith    .   a - +0 robe
rPois    .         Spirit   .   E - +0 helmet
rElec    .         Reflect  .   (no cloak)
rCorr    .         Harm     .   e - +0 pair of gloves
MR       .....                  x - +0 pair of boots
Stlth    ++........             u - amulet of magic regeneration
HPRegen  0.13/turn              q - ring of protection from cold
MPRegen  0.42/turn              (no ring)

@: no status effects
A: no striking features
a: Renounce Religion


You were on level 6 of the Dungeon.
You worshipped Vehumet.
Vehumet was noncommittal.
You were not hungry.

You visited 1 branch of the dungeon, and saw 6 of its levels.

You collected 321 gold pieces.

Inventory:

Hand Weapons
 j - a +2 dagger of venom
 k - a +0 whip
 l - a +1 short sword
 A - a +4 spear of venom (weapon)
 H - a +1 vampiric spear
Missiles
 r - a throwing net (quivered)
Armour
 a - a +0 robe (worn)
 e - a +0 pair of gloves (worn)
 n - a cursed +0 leather armour
 p - a +0 buckler (worn)
 x - a +0 pair of boots (worn)
 E - a +0 helmet (worn)
Jewellery
 q - a ring of protection from cold (left hand)
 u - an amulet of magic regeneration (around neck)
Wands
 f - a wand of polymorph (3)
 v - a wand of flame (33)
 D - a wand of digging (16)
Scrolls
 h - a scroll of remove curse {unknown}
 i - a scroll of random uselessness
 m - a scroll of noise {unknown}
 t - a scroll of magic mapping {unknown}
 y - a scroll of fog {unknown}
 z - 2 scrolls of enchant weapon
 B - a scroll of teleportation {unknown}
Potions
 d - 3 potions of flight
 g - a potion of brilliance
 o - 3 potions of lignification
 w - a potion of might
 C - a potion of haste
 G - a potion of ambrosia
 J - a potion of curing
Books
 b - a book of Conjurations

   Spells                             Type                      Level
   a - Magic Dart                     Conjuration                  1
   b - Searing Ray                    Conjuration                  2
   c - Dazzling Spray                 Conjuration/Hexes            3
   d - Fulminant Prism                Conjuration/Hexes            4
   e - Force Lance                    Conjuration/Translocation    4
   f - Iskenderun's Mystic Blast      Conjuration                  4
Comestibles
 c - 2 bread rations
 s - 2 meat rations
 F - 3 fruits
 I - a royal jelly


   Skills:
 + Level 6.2 Dodging
 - Level 2.4 Stealth
 + Level 3.2 Shields
 + Level 7.0 Spellcasting
 + Level 6.9 Conjurations


You had 7 spell levels left.
You knew the following spells:

 Your Spells              Type           Power        Failure   Level  Hunger
a - Magic Dart            Conj           ####         1%          1    None
b - Searing Ray           Conj           #####.       1%          2    None
c - Dazzling Spray        Conj/Hex       ###...       6%          3    None
d - Iskenderun's Mystic   Conj           #####...     4%          4    ###....
e - Force Lance           Conj/Tloc      ###.....     21%         4    ###....


Dungeon Overview and Level Annotations

Branches:
Dungeon (6/15)             Temple (0/1) D:5

Altars:
Cheibriados
Elyvilon
Kikubaaqudgha
Makhleb
Nemelex Xobeh
Ru
Uskayaw
Vehumet
Zin
The Shining One

Annotations:
D:5 Sigmund


Message History

Casting: Dazzling Spray
Confirm with . or Enter, or press ? or * to list all spells.
Aiming: Dazzling Spray
Press: ? - help, Shift-Dir - straight line, f/p - two-headed ogre
Aim: a two-headed ogre, wielding two giant clubs (heavily wounded)
The spray of energy hits the two-headed ogre.
The two-headed ogre is severely wounded.
The two-headed ogre hits you with a giant club!!
The two-headed ogre misses you.
Casting: Dazzling Spray
Confirm with . or Enter, or press ? or * to list all spells.
Aiming: Dazzling Spray
Press: ? - help, Shift-Dir - straight line, f/p - two-headed ogre
Aim: a two-headed ogre, wielding two giant clubs (severely wounded)
The spray of energy hits the two-headed ogre.
The two-headed ogre is severely wounded.
The two-headed ogre closely misses you.
The two-headed ogre hits you with a giant club!!
Ouch! That really hurt!
You die...

### #.# ##.#
##########.##
#######......<..##
.........########
###....## ###...#
#..@# #...O..#
#.........#
#...(......#
#..#######.. )(# .
#.. #..


You could see a two-headed ogre.

Vanquished Creatures
  Eustachio (D:5)
  An ice beast (D:5)
  2 ogres
  Blork the orc (D:4)
  A gnoll sergeant (D:4)
  A scorpion (D:4)
  2 jellies (D:5)
  A crimson imp (D:5)
  2 hounds (D:4)
  Natasha (D:4)
  Ijyb (D:5)
  2 worker ants (D:4)
  2 hound skeletons (D:4)
  7 gnolls
  A worker ant zombie (D:5)
  4 adders
  A shadow imp (D:5)
  An ooze (D:2)
  A dart slug (D:2)
  A leopard gecko (D:3)
  6 giant cockroaches
  9 goblins
  3 hobgoblins
  2 jackals (D:2)
  9 kobolds
  A quokka (D:4)
  3 ball pythons
  5 bats
  6 frilled lizards
  A leopard gecko skeleton (D:4)
  5 rats
84 creatures vanquished.

Notes
Turn   | Place    | Note
-------+----------+-------------------------------------------
     0 | D:1      | mortelune the Deep Elf Conjurer began the quest for the Orb.
     0 | D:1      | Reached XP level 1. HP: 10/10 MP: 6/6
   472 | D:1      | Reached XP level 2. HP: 15/15 MP: 5/8
   476 | D:1      | Learned a level 2 spell: Searing Ray
  1495 | D:2      | Reached XP level 3. HP: 19/19 MP: 6/10
  1580 | D:2      | Found a sacrificial altar of Ru.
  1607 | D:2      | Reached skill level 4 in Spellcasting
  1699 | D:1      | Reached skill level 5 in Conjurations
  1833 | D:2      | Reached XP level 4. HP: 24/24 MP: 9/12
  1942 | D:2      | Found a white marble altar of Elyvilon.
  2241 | D:3      | Found a glowing silver altar of Zin.
  2751 | D:3      | Noticed an ogre
  2755 | D:3      | Killed an ogre
  2755 | D:3      | Reached skill level 1 in Shields
  2755 | D:3      | Reached XP level 5. HP: 28/28 MP: 9/14
  2797 | D:3      | Found a snail-covered altar of Cheibriados.
  3263 | D:4      | Noticed an ogre
  3273 | D:4      | Killed an ogre
  3273 | D:4      | Reached skill level 5 in Spellcasting
  3273 | D:4      | Reached XP level 6. HP: 32/32 MP: 4/15
  3518 | D:4      | Learned a level 3 spell: Dazzling Spray
  3523 | D:4      | Learned a level 4 spell: Iskenderun's Mystic Blast
  3879 | D:4      | Reached skill level 5 in Dodging
  4273 | D:4      | Found a burning altar of Makhleb.
  4371 | D:4      | Found a sparkling altar of Nemelex Xobeh.
  4381 | D:4      | Noticed Natasha
  4387 | D:4      | Killed Natasha
  4492 | D:4      | Noticed Blork the orc
  4499 | D:4      | Killed Blork the orc
  4499 | D:4      | Reached XP level 7. HP: 34/36 MP: 10/17
  4615 | D:4      | Found a glowing golden altar of the Shining One.
  4683 | D:5      | Entered Level 5 of the Dungeon
  4692 | D:5      | Noticed Ijyb
  4710 | D:5      | Killed Ijyb
  4710 | D:5      | Reached skill level 6 in Spellcasting
  4955 | D:5      | Noticed Eustachio
  5132 | D:5      | Found an ancient bone altar of Kikubaaqudgha.
  5954 | D:5      | Found a hide-covered altar of Uskayaw.
  5965 | D:5      | Noticed Sigmund
  5983 | D:5      | Found a radiant altar of Vehumet.
  5996 | D:5      | Became a worshipper of Vehumet
  6131 | D:5      | Killed Eustachio
  6131 | D:5      | Reached skill level 7 in Spellcasting
  6131 | D:5      | Reached XP level 8. HP: 41/41 MP: 8/20
  6213 | D:5      | Learned a level 4 spell: Force Lance
  6239 | D:5      | Found a staircase to the Ecumenical Temple.
  6381 | D:6      | Noticed a two-headed ogre
  6390 | D:6      | Slain by a two-headed ogre

Vault maps used:
D:1:      lightli_arrival_farm, nrook_mini_backslash, minivault_4
D:2:      lemuel_round_altar, elyvilon_altar_3
D:3:      nicolae_overflow_crystal_walls, first_bread, cheibriados_altar_1
D:4:      nicolae_overflow_hidden_temple, nemelex_xobeh_ov_fountains_minmay,
          tso_altar, uniq_natasha, uniq_blork_the_orc
D:5:      eat_drink_and_be_merry_uskayaw, kennysheep_little_box,
          marbit_many_paths, minmay_temple_entry_hall, uniq_eustachio,
          uniq_sigmund, uniq_ijyb
D:6:      serial_shops, shop, nicolae_zen_rock_garden, uniq_menkaure

Skill      XL: |  1  2  3  4  5  6  7 |
---------------+----------------------+-----
Dodging        | 3 4 5 6 |  6.2
Spellcasting   | 4 5 7 |  7.0
Conjurations   | 5 6 |  6.9
Shields        | 1 2 3 |  3.2
Stealth        | |  2.4

Action                   |  1- 3 |  4- 6 |  7- 9 || total
-------------------------+-------+-------+-------++-------
Melee: Unarmed           |       |       |    12 ||    12
       Spear             |       |       |     5 ||     5
       Short sword       |       |       |     1 ||     1
 Cast: Magic Dart        |    46 |    65 |    16 ||   127
       Searing Ray       |    10 |    15 |    19 ||    44
       Dazzling Spray    |       |     1 |    11 ||    12
  Use: Scroll            |       |     4 |     2 ||     6
       Potion            |       |       |     8 ||     8
 Stab: Sleeping          |       |       |     1 ||     1
  Eat: Chunk             |     3 |     6 |     1 ||    10
       Meat ration       |       |       |     1 ||     1
       Royal jelly       |       |       |     1 ||     1
Armor: Robe              |     3 |     1 |     9 ||    13
Dodge: Dodged            |    14 |    10 |    66 ||    90
Block: Buckler           |       |     1 |    10 ||    11

Table legend:
 A = Spawn XP
 B = Non-spawn XP
 C = Spawn XP percentage of total XP
 D = Spawn monster count
 E = Non-spawn monster count
 F = Spawn count percentage of total count
 G = Total turns spent on level
                    A         B        C        D         E        F      G
               +---------+---------+-------+---------+---------+-------+---------
         Total |       0 |    1507 |   0.0 |       0 |      84 |   0.0 |  6390
               +---------+---------+-------+---------+---------+-------+---------
           D:1 |       0 |      38 |   0.0 |       0 |      17 |   0.0 |  1436
           D:2 |       0 |      90 |   0.0 |       0 |      18 |   0.0 |   773
           D:3 |       0 |     151 |   0.0 |       0 |      19 |   0.0 |  1039
           D:4 |       0 |     616 |   0.0 |       0 |      15 |   0.0 |  2005
           D:5 |       0 |     612 |   0.0 |       0 |      15 |   0.0 |  1112
               +---------+---------+-------+---------+---------+-------+---------
